 Dungeon Crawl Stone Soup version 0.28-a0-1143-gcf6077d4cc (webtiles) character file.

Game seed: 14899144732626821620

940 ytrimaz the Covered (level 8, -2/63 HPs)
             Began as a Formicid Fighter on Dec 13, 2021.
             Slain by a gnoll (7 damage)
             ... on level 5 of the Dungeon.
             The game lasted 00:03:43 (5216 turns).

ytrimaz the Covered (Formicid Fighter)              Turns: 5216, Time: 00:03:44

Health: -2/63      AC:  8    Str: 23    XL:     8   Next: 34%
Magic:  8/8        EV: 10    Int:  8    God:
Gold:   126        SH:  5    Dex: 10    Spells: 7/7 levels left

rFire   . . .      SeeInvis +   a - +1 war axe
rCold   . . .      Faith    .   c - +0 buckler
rNeg    + + .      Spirit   .   b - +1 scale mail
rPois   .          Reflect  .   (helmet unavailable)
rElec   .          Harm     +   m - scarf {harm}
rCorr   .          Rampage  .   (no gloves)
Will    .....                   (no boots)
Stlth   ..........              (no amulet)
HPRegen 0.20/turn               g - ring of positive energy
MPRegen 0.11/turn               h - ring of positive energy

@: no status effects
A: permanent stasis, dig shafts and tunnels, antennae 3, four strong arms
a: Dig, Shaft Self


You were on level 5 of the Dungeon.
You visited 1 branch of the dungeon, and saw 5 of its levels.

You collected 126 gold pieces.

Inventory:

Hand Weapons
 a - a +1 war axe (weapon)
Armour
 b - a +1 scale mail (worn)
 c - a +0 buckler (worn)
 m - a scarf of harm (worn)
Jewellery
 g - a ring of positive energy (left hand)
 h - a ring of positive energy (right hand)
 j - an amulet of magic regeneration
Scrolls
 k - a scroll of identify
 l - a scroll of fear
 n - a scroll of summoning {unknown}
Potions
 d - 2 potions of might
 e - 2 potions of attraction
 f - a potion of magic {unknown}
 p - 2 potions of brilliance {unknown}


   Skills:
 * Level 5.4 Fighting
 + Level 5.5 Axes
 * Level 6.4 Armour
 * Level 5.6 Shields


You had 7 spell levels left.
You didn't know any spells.
Your spell library contained the following spells:

 Spells                   Type           Power      Damage    Failure   Level
 Animate Skeleton         Necr           0%         N/A       69%         1
 Apportation              Tloc           0%         N/A       69%         1
 Shock                    Conj/Air       0%         1d3       69%         1
 Summon Small Mammal      Summ           0%         N/A       69%         1
 Gell's Gravitas          Tloc           0%         N/A       96%         3
 Teleport Other           Tloc           0%         N/A       96%         3
 Airstrike                Air            0%         N/A       100%        4
 Dispersal                Tloc           0%         N/A       100%        6
 Swiftness                Air            Unusable   N/A       N/A         3

Dungeon Overview and Level Annotations

Branches:
Dungeon (5/15)
 Temple: D:4-7

Altars:
Vehumet

Shops:
D:3 [


Innate Abilities, Weirdness & Mutations

You cannot be hasted, slowed, berserked, paralysed or teleported.
You can dig through walls and to a lower floor.
You have a pair of large antennae on your head. (SInv)
Your four strong arms can wield two-handed weapons with a shield.


Message History

The gnoll hits you from afar with a +0 spear!
* * * LOW HITPOINT WARNING * * *
The gnoll misses you.
Unknown command.
You feel better. You block the gnoll's attack.
A gnoll comes into view. It is wielding a +0 halberd.
The water moccasin skeleton bites you but does no damage.
Unknown command.
The gnoll hits you with a +0 spear.
* * * LOW HITPOINT WARNING * * *
The gnoll closely misses you. The gnoll hits you with a +0 spear.
* * * LOW HITPOINT WARNING * * *
Things that are here:
a +0 club; a +0 leather armour; a gnoll corpse Unknown command.
You feel better. The water moccasin skeleton misses you.
The gnoll hits you from afar with a +0 halberd!
* * * LOW HITPOINT WARNING * * *
The gnoll barely misses you.
Unknown command.
You barely miss the gnoll. You slash the water moccasin skeleton!
You destroy the water moccasin skeleton!
The gnoll hits you with a +0 spear.
* * * LOW HITPOINT WARNING * * *
The gnoll hits you but does no damage. The gnoll closely misses you.
The gnoll barely misses you.
Unknown command.
Unknown command.
The gnoll barely misses you.
The gnoll hits you from afar with a +0 spear.
* * * LOW HITPOINT WARNING * * *
You see here an adder corpse.
Okay, then.
Things that are here:
an adder corpse; a black bear corpse The gnoll hits you from afar with a +0 spear.
* * * LOW HITPOINT WARNING * * *
You see here a hound corpse.
The gnoll hits you from afar with a +0 spear.
You die...

######...#.#
.........#<#
######...#.#########
# #>...........
..#####.###
#.###.######
#.#..)....# #.# #(#
##.#g#####..# #.#
#.# #..†.# #.# #.#
####.g..# #.# #.#
#..@....# #.# #.#
#.###.#.# #.#
#.#####.# #.#...
#.†.....# #.####.#
######### #.# # ...
###


You could see 2 gnolls.

Vanquished Creatures
  A black bear (D:5)
  A necrophage (D:2)
  2 ogres
  A phantom (D:5)
  A scorpion (D:5)
  A water moccasin skeleton (D:5)
  3 hounds
  A jelly (D:5)
  A gnoll shaman (D:5)
  An iguana (D:4)
  2 orc wizards
  A hound zombie (D:5)
  3 gnolls
  6 adders
  5 worms
  2 dart slugs
  8 orcs
  6 endoplasms
  6 giant cockroaches
  8 goblins
  6 hobgoblins
  8 kobolds
  4 quokkas
  2 ball pythons (D:1)
  7 bats
  6 frilled lizards
  4 rats
97 creatures vanquished.

Notes
Turn   | Place    | Note
-------+----------+-------------------------------------------
     0 | D:1      | ytrimaz the Formicid Fighter began the quest for the Orb.
     0 | D:1      | Reached XP level 1. HP: 18/18 MP: 1/1
   154 | D:1      | Reached XP level 2. HP: 20/24 MP: 2/2
   474 | D:1      | Reached XP level 3. HP: 26/29 MP: 3/3
   982 | D:2      | Noticed a necrophage
   998 | D:2      | Killed a necrophage
   999 | D:2      | Reached skill level 4 in Armour
   999 | D:2      | Reached XP level 4. HP: 30/37 MP: 4/4
   999 | D:2      | Reached XP level 5. HP: 34/42 MP: 5/5
  1817 | D:3      | Found Dekonox's Armour Boutique.
  2578 | D:3      | Reached XP level 6. HP: 20/48 MP: 6/6
  2582 | D:3      | HP: 1/48 [orc (8)]
  3302 | D:4      | Noticed an ogre
  3594 | D:4      | Killed an ogre
  3595 | D:4      | Reached skill level 5 in Armour
  4363 | D:4      | Reached XP level 7. HP: 51/55 MP: 7/7
  4565 | D:4      | Reached skill level 5 in Shields
  4762 | D:4      | Found a radiant altar of Vehumet.
  4990 | D:5      | Entered Level 5 of the Dungeon
  5182 | D:5      | Reached skill level 5 in Fighting
  5191 | D:5      | Reached skill level 5 in Axes
  5191 | D:5      | Reached XP level 8. HP: 40/62 MP: 8/8
  5193 | D:5      | Reached skill level 6 in Armour
  5216 | D:5      | Slain by a gnoll

Illustrated notes

Levels and vault maps discovered:
D:1:      wander_arrival_estate, layout_rooms
D:2:      layout_basic, grunt_ministairs_7
D:3:      layout_basic, serial_shops, nicolae_shop_statue_plus
D:4:      layout_loops_corners, marbit_many_paths, minmay_starry_boxes
D:5:      layout_loops_ring, serial_bayou_pond_a,
          hangedman_decor_clover_reticule

Skill      XL: |  1  2  3  4  5  6  7  8 |
---------------+-------------------------+-----
Shields        | 4 5 |  5.6
Axes           | 3 4 5 |  5.5
Armour         | 4 5 6 |  6.4
Fighting       | 4 5 |  5.4

Action                   |  1- 3 |  4- 6 |  7- 9 || total
-------------------------+-------+-------+-------++-------
Melee: War axe           |    90 |   132 |    67 ||   289
  Use: Scroll            |     2 |     5 |     4 ||    11
       Potion            |       |       |     2 ||     2
Armor: Scale mail        |    46 |    52 |    23 ||   121
Dodge: Dodged            |    52 |    65 |    45 ||   162
Block: Buckler           |    26 |    33 |    23 ||    82

Table legend: (Time is in decaauts)
 A = Elapsed time spent in this place.
 B = Non-inter-level travel time spent in this place.
 C = Inter-level travel time spent in this place.
 D = Time resting spent in this place.
 E = Time spent auto-exploring this place.
 F = Levels seen in this place.
 G = Mean time per level.
                   A        B        C        D        E       F      G
               +--------+--------+--------+--------+--------+-----+--------+
         Total |   5312 |   5152 |    160 |    260 |   4080 |   5 | 1062.4 |
       Dungeon |   5312 |   5152 |    160 |    260 |   4080 |   5 | 1062.4 |
               +--------+--------+--------+--------+--------+-----+--------+

Top non-repeatable levels by time:
     D:3: 1808 daAuts
     D:4: 1481 daAuts
     D:2: 1071 daAuts
     D:1: 716 daAuts
     D:5: 233 daAuts
